 Dungeon Crawl Stone Soup version 0.29-a0-617-g7a6b98fccd (webtiles) character file.

Game seed: 5668553883410559741

1834 dolemite99 the Cleaver (level 9, 0/70 HPs)
             Began as a Hill Orc Abyssal Knight on June 18, 2022.
             Was an Elder of Lugonu.
             Slain by a yak (10 damage)
             ... on level 6 of the Dungeon.
             The game lasted 00:06:46 (7580 turns).

dolemite99 the Cleaver (Hill Orc Abyssal Knight)    Turns: 7580, Time: 00:06:47

Health: 0/70       AC: 13    Str: 20    XL:     9   Next: 11%
Magic:  0/10       EV:  6    Int: 13    God:    Lugonu [****..]
Gold:   271        SH:  0    Dex: 11    Spells: 8/8 levels left

rFire   . . .      SeeInvis .   a - +1 hand axe
rCold   . . .      Faith    .   (no shield)
rNeg    . . .      Spirit   +   G - +0 plate armour
rPois   .          Reflect  .   (no helmet)
rElec   .          Harm     +   r - +0 cloak
rCorr   .          Rampage  .   (no gloves)
Will    .....                   B - +0 pair of boots
Stlth   ..........              e - amulet "Gekoxaj" {Spirit Harm Fragile Int+3}
HPRegen 0.21/turn               (no ring)
MPRegen 0.12/turn               (no ring)

@: no status effects
A: no striking features
a: Renounce Religion, Depart the Abyss, Bend Space, Banish, Corrupt


You were on level 6 of the Dungeon.
You worshipped Lugonu.
Lugonu was greatly pleased with you.
You visited 1 branch of the dungeon, and saw 7 of its levels.
You visited the Abyss 1 time.

You collected 362 gold pieces.
You spent 91 gold pieces at shops.

Inventory:

Hand Weapons
 a - a +1 hand axe (weapon)
 b - a +1 battleaxe
 D - a +1 vorpal flail
Missiles
 c - 20 poisoned darts
 n - 6 javelins
 F - 3 silver javelins
Armour
 r - a +0 cloak (worn)
 s - a +0 chain mail
 y - +0 ice dragon scales
 A - a +0 ring mail of fire resistance
 B - a +0 pair of boots (worn)
 G - a +0 plate armour (worn)
Jewellery
 d - a +6 ring of dexterity
 e - the amulet "Gekoxaj" (around neck) {Spirit Harm Fragile Int+3}
   (You acquired it on level 4 of the Dungeon)

   [amulet of guardian spirit]

   It causes incoming damage to be divided between your reserves of health and
   magic.
   Int:       It affects your intelligence (+3).
   Fragile:   It will be destroyed if unequipped.
   Harm:      It increases damage dealt and taken.
 g - an amulet of reflection
 k - a ring of fire
 J - a +4 ring of evasion
Wands
 p - a wand of flame (18)
 w - a wand of charming (17)
Scrolls
 f - 2 scrolls of blinking
 h - 3 scrolls of enchant armour
 o - a scroll of noise
 t - a scroll of magic mapping
 u - a scroll of silence
 E - a scroll of poison {unknown}
 I - a scroll of fog
Potions
 i - 2 potions of mutation {unknown}
 j - a potion of haste
 l - 3 potions of cancellation {unknown}
 m - 6 potions of heal wounds {unknown}
 q - a potion of brilliance {unknown}
 v - a potion of degeneration {unknown}
 x - a potion of curing
 z - 2 potions of flight
 C - 2 potions of invisibility {unknown}


   Skills:
 - Level 3.6 Fighting
 + Level 14.9 Axes
 - Level 2.1 Armour
 - Level 0.7 Dodging
 - Level 2.4 Invocations


You had 8 spell levels left.
You didn't know any spells.
Your spell library contained the following spells:

 Spells                   Type           Power      Damage    Failure   Level
 Beastly Appendage        Tmut           0%         N/A       100%        1
 Wereblood                Tmut           0%         N/A       100%        2
 Spider Form              Tmut/Pois      0%         N/A       100%        3
 Corpse Rot               Necr/Pois/Air  0%         N/A       100%        4
 Dispel Undead            Necr           0%         3d6       100%        4
 Death Channel            Necr           0%         N/A       100%        6


Dungeon Overview and Level Annotations

Branches:
Dungeon (7/15)             Temple (0/1) D:6

Altars:
Gozag
Hepliaklqana
Okawaru
Zin

Shops:
D:6 (

Annotations:
D:5 3 runed translucent doors, Patoropollo's ghost, novice DEHu


Message History

You hit the yak.
The yak is lightly wounded.
You hit the yak but do no damage. The yak gores you. x2
You hit the yak.
The yak is moderately wounded.
You hit the yak but do no damage. You hit the yak.
The yak is heavily wounded.
You hit the yak but do no damage. The yak gores you!
* * * LOW HITPOINT WARNING * * *
The yak gores you but does no damage.
You hit the yak but do no damage.
The yak is heavily wounded.
You hit the yak.
You feel better.
The yak gores you but does no damage. x2
You feel better. The yak gores you but does no damage. The yak gores you.
You hit the yak but do no damage.
The yak is heavily wounded.
You hit the yak. The yak completely misses you. The yak closely misses you.
You hit the yak.
The yak is heavily wounded.
You hit the yak. The yak closely misses you. The yak gores you!
You hit the yak.
The yak is heavily wounded.
You hit the yak but do no damage. You hit the yak.
The yak is heavily wounded.
You hit the yak but do no damage. The yak gores you.
* * * LOW HITPOINT WARNING * * *
The yak gores you.
* * * LOW HITPOINT WARNING * * *
You closely miss the yak.
The yak is heavily wounded.
You barely miss the yak. You hit the yak.
The yak is severely wounded.
You hit the yak but do no damage. The yak gores you!
* * * LOW HITPOINT WARNING * * *
The yak gores you!
You die...

.#..## #.###.............##
.....###.##...............#
.###.....#................#
..[#.....#................#
.#........................#
.##.......................#
.#..#.........<...........#
##.##...##.......Y.......##
.).##.#####....Y@.#.....##
#.....## ##.........####
...#...# #.........#
.......#####)##......#
....#...#....##......#
###.......############
####....# ###..รท))###
.....#.##


You could see 2 yaks.

Vanquished Creatures
  Grinder (D:4)
  A steam dragon (D:6)
  A yak (D:6)
  Menkaure (D:6)
  A black bear (D:3)
  2 ogres
  A centaur (D:6)
  A phantom (D:5)
  A kobold brigand (D:7)
  2 bullfrogs
  3 scorpions
  3 hounds
  3 jellies
  An orc priest (D:4)
  3 iguanas
  An orc wizard (D:4)
  6 adders
  An ufetubus (D:5)
  A worm (D:2)
  2 dart slugs (D:4)
  10 orcs
  2 bats
  6 endoplasms
  3 giant cockroaches
  5 hobgoblins
  7 jackals
  6 quokkas
  6 ball pythons
  2 frilled lizards
  5 goblins
  10 kobolds
  4 rats
102 creatures vanquished.

Notes
Turn   | Place    | Note
-------+----------+-------------------------------------------
     0 | Abyss:1  | dolemite99 the Hill Orc Abyssal Knight began the quest for
                  | the Orb.
     0 | Abyss:1  | Reached XP level 1. HP: 19/19 MP: 2/2
    77 | D:1      | Escaped the Abyss
   145 | D:1      | Reached skill level 3 in Axes
   166 | D:1      | Reached XP level 2. HP: 23/26 MP: 3/3
   317 | D:1      | Reached skill level 4 in Axes
   689 | D:2      | Found a faded altar of an unknown god.
  1181 | D:2      | Reached XP level 3. HP: 10/31 MP: 4/4
  1467 | D:2      | Identified the +4 ring mail of Defiance {rElec rPois rF-
                  | Int+6}
  1606 | D:2      | Reached skill level 5 in Axes
  2025 | D:2      | You fall into a shaft and drop 1 floor!
  2101 | D:3      | Reached XP level 4. HP: 39/39 MP: 5/5
  2285 | D:3      | Reached *** piety under Lugonu
  2462 | D:3      | Reached skill level 6 in Axes
  2756 | D:3      | Noticed a black bear
  2767 | D:3      | Killed a black bear
  2768 | D:3      | Reached skill level 7 in Axes
  2768 | D:3      | Reached XP level 5. HP: 40/45 MP: 6/6
  3272 | D:4      | Reached skill level 8 in Axes
  3272 | D:4      | Reached XP level 6. HP: 22/51 MP: 7/7
  4265 | D:4      | Identified a scroll of acquirement
  4265 | D:4      | Acquired the amulet "Gekoxaj" {Spirit Harm Fragile Int+3}
  4561 | D:4      | Noticed Grinder
  4571 | D:4      | Killed Grinder
  4572 | D:4      | Reached skill level 10 in Axes
  4572 | D:4      | Reached XP level 7. HP: 32/57 MP: 4/8
  4882 | D:5      | Entered Level 5 of the Dungeon
  5084 | D:5      | Reached skill level 11 in Axes
  5304 | D:5      | Found a runed translucent gate.
  5305 | D:5      | Found a runed translucent gate.
  5306 | D:5      | Found a runed translucent gate.
  5308 | D:5      | Noticed Patoropollo's ghost (novice DEHu)
  5447 | D:5      | Reached XP level 8. HP: 64/64 MP: 9/9
  5932 | D:5      | Found a glowing silver altar of Zin.
  6072 | D:6      | Found Oregaovvi's Weapon Shop.
  6075 | D:6      | Bought a +0 battleaxe for 91 gold pieces
  6084 | D:6      | Reached skill level 12 in Axes
  6447 | D:6      | Found an opulent altar of Gozag.
  6479 | D:6      | Reached skill level 13 in Axes
  6636 | D:6      | Found an iron altar of Okawaru.
  6639 | D:6      | Found a hazy altar of Hepliaklqana.
  6674 | D:6      | Found a staircase to the Ecumenical Temple.
  6738 | D:6      | Noticed Menkaure
  6741 | D:6      | Killed Menkaure
  6861 | D:7      | Reached **** piety under Lugonu
  6881 | D:7      | Reached skill level 14 in Axes
  7285 | D:7      | Reached XP level 9. HP: 70/70 MP: 10/10
  7580 | D:6      | Slain by a yak

Illustrated notes

Levels and vault maps discovered:
D:1:      ncdulo_wetmaze, layout_rooms
D:2:      layout_rooms, basic_ecumenical_altar
D:3:      layout_basic, nrook_mini_vaults, minmay_increasing_density
D:4:      layout_gridville, uniq_grinder
D:5:      layout_layer_cave, zin_treasury, ebering_ghost_rock_garden
D:6:      layout_rooms, chequers_temple_overflow_statue_of_worship,
          minmay_temple_entry_enclosed_plants, serial_shops, shop, uniq_menkaure
D:7:      layout_gridville

Skill      XL: |  1  2  3  4  5  6  7  8 |
---------------+-------------------------+-----
Axes           | 3 4 5 7 8 10 11 14 | 14.9
Fighting       | |  3.6
Armour         | |  2.1
Dodging        | |  0.7
Invocations    | |  2.4

Action                   |  1- 3 |  4- 6 |  7- 9 || total
-------------------------+-------+-------+-------++-------
Melee: Hand axe          |    95 |   150 |    85 ||   330
       Punch             |     1 |     3 |     1 ||     5
       Battleaxe         |       |       |    38 ||    38
  Use: Potion            |     2 |       |     2 ||     4
       Scroll            |       |    10 |     6 ||    16
Armor: Leather armour    |    24 |       |       ||    24
       Chain mail        |    16 |    87 |     1 ||   104
       Plate armour      |       |       |    84 ||    84
Dodge: Dodged            |    92 |    59 |    26 ||   177
Block: Other             |       |    21 |       ||    21

Table legend: (Time is in decaauts)
 A = Elapsed time spent in this place.
 B = Non-inter-level travel time spent in this place.
 C = Inter-level travel time spent in this place.
 D = Time resting spent in this place.
 E = Time spent auto-exploring this place.
 F = Levels seen in this place.
 G = Mean time per level.
                   A        B        C        D        E       F      G
               +--------+--------+--------+--------+--------+-----+--------+
         Total |   7558 |   7386 |    172 |   2355 |   3842 |   8 |  944.8 |
       Dungeon |   7481 |   7309 |    172 |   2355 |   3774 |   7 | 1068.7 |
         Abyss |     77 |     77 |      0 |      0 |     68 |   1 |   77.0 |
               +--------+--------+--------+--------+--------+-----+--------+

Top non-repeatable levels by time:
     D:4: 1909 daAuts
     D:5: 1178 daAuts
     D:1: 1080 daAuts
     D:3: 934 daAuts
     D:6: 920 daAuts
     D:2: 882 daAuts
     D:7: 574 daAuts
 Abyss:1: 77 daAuts
